 Dungeon Sprint DCSS version 0.31.0-32-g396128a36d (webtiles) character file.

Game seed: 14344183344783043417

1523 Heoruswealwe the Impaler (level 8, -3/83 HPs)
             Began as a Minotaur Fighter on Apr 19, 2024.
             Was an Initiate of Gozag.
             Slain by a tengu warrior
             ... wielding a +1 war axe of distortion
              (9 damage)
             ... in the Dungeon (Sprint IX: "|||||||||||||||||||||||||||||").
             The game lasted 00:03:49 (545 turns).

Heoruswealwe the Impaler (Minotaur Fighter)          Turns: 545, Time: 00:03:51

Health: -3/83      AC: 20    Str: 27    XL:     8   Next: 54%
Magic:  7/7        EV:  8    Int:  5    God:    Gozag
Gold:   621        SH:  0    Dex:  9    Spells: 7/7 levels left

rFire   . . .        b - +2 halberd (flame)
rCold   . . .        (shield currently unavailable)
rNeg    . . .        c - +0 plate armour
rPois   .            (helmet restricted)
rElec   .            h - +0 cloak
rCorr   .            f - +0 pair of gloves
SInv    .            (no boots)
Will    .....        (no amulet) Stlth
                     k - +3 ring of strength
HPRegen 0.33/turn    j - +2 ring of protection
MPRegen 0.10/turn

%: no teleportation
@: gold aura
A: horns 2, retaliatory headbutt
a: Renounce Religion, Potion Petition, Call Merchant, Bribe Branch


You were in the Dungeon.
You worshipped Gozag.
Gozag was pleased with you.
You visited 1 branch You collected 621 gold pieces.

Inventory:

Hand Weapons
 a - a +0 trident
 b - a +2 halberd of flaming (weapon)
Armour
 c - a +0 plate armour (worn)
 d - a +0 buckler
 f - a +0 pair of gloves (worn)
 h - a +0 cloak (worn)
Jewellery
 j - a +2 ring of protection (right hand)
 k - a +3 ring of strength (left hand)
Wands
 l - a wand of light (10)
Scrolls
 o - 2 scrolls of blinking
Potions
 e - 4 potions of curing
 g - a potion of haste
 i - a potion of berserk rage
 m - a potion of heal wounds
 n - a potion of might


   Skills:
 + Level 12.0 Fighting
 * Level 16.0 Polearms
 + Level 12.0 Armour
 - Level 3.6 Shields


You had 7 spell levels left.
You didn't know any spells.
Your spell library was empty.

Dungeon Overview and Level Annotations

Branches:
Dungeon (1/1)

Altars:
Cheibriados
Dithmenos
Elyvilon
Fedhas
Gozag
Hepliaklqana
Kikubaaqudgha
Makhleb
Nemelex Xobeh
Okawaru
Qazlal
Ru
Sif Muna
Trog
Uskayaw
Vehumet
Wu Jian
Xom
Yredelemnul
Zin
The Shining One
Jiyva
Lugonu


Innate Abilities, Weirdness & Mutations

You have a pair of horns on your head.
You reflexively headbutt those who attack you in melee.


Message History

The tengu warrior hits you with a +1 war axe of distortion.
* * * LOW HITPOINT WARNING * * *
Space warps horribly around you!
* * * LOW HITPOINT WARNING * * *
The tengu warrior barely misses you.
The tengu warrior completely misses you.
The gargoyle hits you but does no damage.
You feel much better.
The tengu warrior hits you with a +1 war axe of distortion!
* * * LOW HITPOINT WARNING * * *
Space warps around you.
* * * LOW HITPOINT WARNING * * *
The tengu warrior pecks you but does no damage.
The tengu warrior claws you but does no damage.
The gargoyle hits you with a +0 mace.
* * * LOW HITPOINT WARNING * * *
You feel much better.
The gargoyle hits you but does no damage.
The tengu warrior is distracted by your dazzling golden aura.
The tengu warrior shouts!
The tengu warrior blocks your attack.
The tengu warrior is no longer distracted by gold.
The tengu warrior is severely wounded.
The gargoyle hits you but does no damage.
The tengu warrior hits you but does no damage.
Space warps around you.
* * * LOW HITPOINT WARNING * * *
The tengu warrior pecks you but does no damage.
The tengu warrior claws you but does no damage.
The tengu warrior blocks your attack.
You headbutt the tengu warrior, but do no damage.
The tengu warrior is severely wounded.
You closely miss the tengu warrior. Your headbutt misses the tengu warrior.
The tengu warrior is severely wounded.
The gargoyle hurls a stone arrow at you.
The stone arrow hits you!
* * * LOW HITPOINT WARNING * * *
The tengu warrior hits you with a +1 war axe of distortion!
You die...
Your body crumbles into a pile of gold.

▓+▓
▓.▓
▓.▓
▓.▓
▓.▓
▓.▓
▓9▓
▓@▓
▓Q▓
▓.▓
▓.▓
▓.▓
▓.▓
▓)▓
▓'▓
▓.▓


You could see a tengu warrior and a gargoyle.

Vanquished Creatures
  A cyclops (D)
  A vampire (D)
  A shadow (D)
  2 yaks (D)
  A vampire mosquito (D)
  A steam dragon (D)
  A phantom (D)
  2 kobold brigands (D)
  2 hounds (D)
  A sleepcap (D)
  An orc (D)
  A giant cockroach (D)
  2 ball pythons (D)
  A kobold (D)
  A rat (D)
19 creatures vanquished.

Vanquished Creatures (others)
  An unseen horror (D)
1 creature vanquished.

Grand Total: 20 creatures vanquished

Notes
Turn   | Place    | Note
-------+----------+-------------------------------------------
     0 | D        | Heoruswealwe the Minotaur Fighter began the quest for the
                  | Orb.
     0 | D        | Reached XP level 1. HP: 19/19 MP: 0/0
     6 | D        | Reached skill level 3 in Polearms
    18 | D        | Noticed a hound
    18 | D        | Noticed a phantom
    18 | D        | Noticed a sleepcap
    18 | D        | Noticed a hound
    24 | D        | Killed a hound
    25 | D        | Reached skill level 5 in Fighting
    25 | D        | Reached skill level 5 in Polearms
    25 | D        | Reached skill level 5 in Armour
    25 | D        | Reached XP level 2. HP: 23/29 MP: 1/1
    25 | D        | Reached XP level 3. HP: 29/36 MP: 2/2
    30 | D        | Reached skill level 6 in Polearms
    33 | D        | Killed a phantom
    34 | D        | Reached skill level 8 in Polearms
    34 | D        | Reached XP level 4. HP: 20/45 MP: 3/3
    35 | D        | Reached skill level 9 in Polearms
    35 | D        | Reached XP level 5. HP: 24/52 MP: 4/4
    41 | D        | Found a snail-covered altar of Cheibriados.
    41 | D        | Found a shadowy altar of Dithmenos.
    41 | D        | Found a white marble altar of Elyvilon.
    41 | D        | Found a blossoming altar of Fedhas.
    41 | D        | Found an opulent altar of Gozag.
    42 | D        | Found a hazy altar of Hepliaklqana.
    43 | D        | Found a viscous altar of Jiyva.
    44 | D        | Found an ancient bone altar of Kikubaaqudgha.
    45 | D        | Found a corrupted altar of Lugonu.
    46 | D        | Found a burning altar of Makhleb.
    47 | D        | Found a sparkling altar of Nemelex Xobeh.
    48 | D        | Found an iron altar of Okawaru.
    49 | D        | Became a worshipper of Gozag Ym Sagoz the Greedy
    50 | D        | Found a stormy altar of Qazlal.
    51 | D        | Found a sacrificial altar of Ru.
    52 | D        | Found a shimmering blue altar of Sif Muna.
    53 | D        | Found a bloodstained altar of Trog.
    54 | D        | Found a hide-covered altar of Uskayaw.
    55 | D        | Found a radiant altar of Vehumet.
    56 | D        | Found an ornate altar of the Wu Jian Council.
    57 | D        | Found a shimmering altar of Xom.
    58 | D        | Found a basalt altar of Yredelemnul.
    59 | D        | Found a glowing silver altar of Zin.
    60 | D        | Found a glowing golden altar of the Shining One.
   135 | D        | Noticed a yak
   135 | D        | Noticed a yak
   135 | D        | Noticed a steam dragon
   135 | D        | Noticed a shadow
   142 | D        | Killed a shadow
   143 | D        | Reached skill level 11 in Polearms
   143 | D        | Reached XP level 6. HP: 39/62 MP: 5/5
   148 | D        | Reached skill level 12 in Polearms
   354 | D        | Killed a steam dragon
   355 | D        | Reached XP level 7. HP: 43/71 MP: 6/6
   358 | D        | Killed a yak
   359 | D        | Reached skill level 10 in Fighting
   359 | D        | Reached skill level 13 in Polearms
   359 | D        | Reached skill level 10 in Armour
   360 | D        | Killed a yak
   361 | D        | Reached skill level 14 in Polearms
   514 | D        | Noticed a tengu warrior
   514 | D        | Noticed a gargoyle
   514 | D        | Noticed a cyclops
   514 | D        | Noticed a vampire
   514 | D        | Noticed a vampire mosquito
   521 | D        | Killed a vampire mosquito
   524 | D        | Killed a vampire
   525 | D        | Reached skill level 15 in Polearms
   525 | D        | Reached XP level 8. HP: 76/82 MP: 7/7
   526 | D        | Killed an unseen horror
   529 | D        | Killed a cyclops
   530 | D        | Reached skill level 16 in Polearms
   540 | D        | HP: 4/83 [tengu warrior/+1 war axe of distortion (11)]
   545 | D        | Slain by a tengu warrior

Illustrated notes

Levels and vault maps discovered:
D:        linesprint [early_d, line_temple, items_1, d_10, items_2, lair_1,
          lair_end, items_3, orc_1, orc_end, items_4, d_15, swamp_1, shoals_1,
          snake_1, spider_1, d_20, vaults_1, items_5, swamp_end, shoals_end,
          snake_end, spider_end, vaults_end, d_27, items_6, zot_1, zot_end,
          crypt_end, forest_end, elf_end, slime_end, tomb_end, abyss_end,
          pan_hell_end]

Skill      XL: |  1  2  3  4  5  6  7  8 |
---------------+-------------------------+-----
Polearms       | 5 8 9 11 12 15 16 | 16.0
Fighting       | 5 6 7 8 9 11 12 | 12.0
Armour         | 5 6 7 8 9 11 12 | 12.0
Shields        | |  3.6

Action                     |  1- 3 |  4- 6 |  7- 9 || total
---------------------------+-------+-------+-------++-------
  Melee: Trident           |    22 |     1 |       ||    23
         Headbutt          |     2 |     3 |     8 ||    13
         Halberd           |       |    18 |    36 ||    54
    Use: Potion            |       |     1 |     2 ||     3
 Armour: Scale mail        |    13 |       |       ||    13
         Plate armour      |       |    21 |    46 ||    67
  Dodge: Dodged            |     6 |     4 |     8 ||    18
  Block: Buckler           |     2 |       |       ||     2
